 Dungeon Crawl Stone Soup version 0.29.1-15-g9cfb28693d (webtiles) character file.

Game seed: 5034803993064596952

27 monsoonserge the Trooper (level 2, 25/25 HPs)
             Began as a Palentonga Fighter on Apr 28, 2023.
             Was an Initiate of Ashenzari.
             Quit the game on level 1 of the Dungeon.
             The game lasted 00:04:05 (1097 turns).

monsoonserge the Trooper (Palentonga Fighter)       Turns: 1097, Time: 00:04:05

Health: 25/25      AC:  6    Str: 21    XL:     2   Next: 93%
Magic:  2/2        EV:  7    Int:  8    God:    Ashenzari [......]
Gold:   59         SH:  4    Dex:  9    Spells: 1/1 levels left

rFire   . . .      SeeInvis +   a - +0 war axe
rCold   . . .      Faith    .   c - +0 buckler
rNeg    . . .      Spirit   .   b - +0 scale mail of the Mantic Heavens {Evo, Cun} (curse)
rPois   .          Reflect  .   (no helmet)
rElec   .          Harm     .   (no cloak)
rCorr   .          Rampage  .   (no gloves)
Will    .....                   (no barding)
Stlth   ..........              (no amulet)
HPRegen 0.08/turn               (no ring)
MPRegen 0.08/turn               (no ring)

@: no status effects
A: large, rugged brown scales 3, see invisible, deformed body, roll 1, armoured
tail
a: Rolling Charge, Renounce Religion, Shatter the Chains


You were on level 1 of the Dungeon.
You worshipped Ashenzari.
Ashenzari was noncommittal.
You visited 1 branch of the dungeon, and saw 1 of its levels.

You collected 59 gold pieces.

Inventory:

Hand Weapons
 a - a +0 war axe (weapon)
Missiles
 f - 18 stones
 k - 3 boomerangs
Armour
 b - the cursed +0 scale mail of the Mantic Heavens (worn) {Evo, Cun}

   It has a curse which improves the following skills: Evocations: Evocations.
   Cunning:   Dodging and Stealth.
 c - a +0 buckler (worn)
Scrolls
 g - a scroll of amnesia {unknown}
 h - 2 scrolls of identify {unknown}
Potions
 d - a potion of might
 e - a potion of curing {unknown}
 i - a potion of heal wounds {unknown}
 j - a potion of lignification {unknown}


   Skills:
 + Level 3.5 Fighting
 + Level 2.2 Axes
 + Level 2.7 Armour
 + Level 2.9 Shields


You had one spell level left.
You didn't know any spells.
Your spell library was empty.

Dungeon Overview and Level Annotations

Branches:
Dungeon (1/15)

Altars:
Ashenzari

Shops:
D:1 =


Innate Abilities, Weirdness & Mutations

You are completely covered in rugged brown scales. (AC +3, +7% HP)
You have supernaturally acute eyesight. (SInv)
Armour fits poorly on your strangely shaped body.
You can roll at nearby foes to attack.
You have a long armoured tail.


Message History

The goblin is severely wounded.
The goblin closely misses you. The goblin hits you with a +0 club.
You barely miss the goblin.
The goblin is severely wounded.
You block the goblin's attack.
You closely miss the goblin.
The goblin is severely wounded.
You block the goblin's attack. x2
You slash the goblin!
You kill the goblin!
Things that are here:
a +0 club; a goblin corpse You open the door.
There is an open door here.
You open the door.
There is an open door here.
There is an open door here.
You open the door.
f - 18 stones (gained 4)
There is a staircase leading out of the dungeon here.
A dart slug comes into view.
Roll where?
Press: ? - help, Dir - move target, f - dart slug
Aim: a dart slug You roll forward with a clatter of scales!
You slash the dart slug!
You kill the dart slug!
A dart slug comes into view.
The dart slug launches a dart at you. The slug dart hits you.
Roll where?
Press: ? - help, Dir - move target, f - dart slug
Aim: a dart slug You roll forward with a clatter of scales!
You slash the dart slug!
You kill the dart slug!
You now have 59 gold pieces (gained 13).
Done exploring.
Done exploring.
Are you sure you want to abandon this character and quit the game? (Confirm with "yes".)

#####...#..#.#######
####....#..#.#######
#.....#.#..........#
#..####.#..#.###.###
#..# #.#..#.# #.#
#∩.# #.#..#.# #.#
#..# #.#..#.# #.#
#..# #.#..#.###.#
..## #.#..#....@#
#.# #.##.####### #.#
#.##.# #.# #....#
#.# ##############
#.# #............#
#.# #...#####.####
#.### #...# #.#
#...# #...# #.#


There were no monsters in sight!

Vanquished Creatures
  3 dart slugs (D:1)
  3 endoplasms (D:1)
  4 goblins (D:1)
  4 hobgoblins (D:1)
  A kobold (D:1)
  2 bats (D:1)
  A frilled lizard (D:1)
  A rat (D:1)
19 creatures vanquished.

Notes
Turn   | Place    | Note
-------+----------+-------------------------------------------
     0 | D:1      | monsoonserge the Palentonga Fighter began the quest for the
                  | Orb.
     0 | D:1      | Reached XP level 1. HP: 19/19 MP: 1/1
   190 | D:1      | Reached XP level 2. HP: 18/25 MP: 2/2
   274 | D:1      | Found a faded altar of an unknown god.
   279 | D:1      | Prayed at the altar of an unknown god.
   279 | D:1      | Became a worshipper of Ashenzari the Shackled
   532 | D:1      | Found Detesmoi's Jewellery Shoppe.
  1097 | D:1      | Quit the game

Illustrated notes

Levels and vault maps discovered:
D:1:      dpeg_arrival_arbitrary_b, layout_basic, serial_shops, shop,
          hellmonk_ecumenical_altar_leap_of_faith, minmay_bisected

Action                   || total
-------------------------++-------
Melee: War axe           ||    39
       Tailslap          ||     2
Invok: Curse Item        ||     1
 Abil: Rolling Charge    ||    10
Armor: Scale mail        ||    13
Dodge: Dodged            ||    12
Block: Buckler           ||    10
